 Dungeon Crawl Stone Soup version 0.27-a0-590-g94244163b4 (webtiles) character file.

Game seed: 4491363735914732571

31 kae the Ruffian (level 3, 0/31 HPs)
             Began as a Naga Transmuter on Mar 10, 2021.
             Succumbed to an adder's poison
             ... on level 2 of the Dungeon.
             The game lasted 00:01:03 (1106 turns).

kae the Ruffian (Naga Transmuter)                   Turns: 1106, Time: 00:01:04

Health: 0/31       AC:  2    Str: 13    XL:     3   Next: 22%
Magic:  6/6        EV: 10    Int: 13    God:
Gold:   66         SH:  0    Dex: 11    Spells: 2/6 levels left

rFire    . . .     SeeInvis +     - Unarmed
rCold    . . .     Faith    .   (no shield)
rNeg     . . .     Spirit   .   a - +0 robe
rPois    +         Reflect  .   (no helmet)
rElec    .         Harm     .   (no cloak)
rCorr    .         Rampage  .   (no gloves)
Will     .....                  (no barding)
Stlth    +.........             (no amulet)
HPRegen  0.10/turn              (no ring)
MPRegen  0.10/turn              (no ring)

@: lethally poisoned (0 -> -7), short of breath, attractive, very slow
A: large, see invisible, deformed body, poison resistance, slowness 2, spit
poison 1, naga tail 1, AC +1
a: Spit Poison


You were on level 2 of the Dungeon.
You visited 1 branch of the dungeon, and saw 2 of its levels.

You collected 66 gold pieces.

Inventory:

Armour
 a - a +0 robe (worn)
Scrolls
 d - a scroll of amnesia {unknown}
 e - a scroll of teleportation {unknown}
 f - a scroll of enchant weapon {unknown}


   Skills:
 + Level 1.2 Fighting
 + Level 1.8 Dodging
 * Level 3.4 Unarmed Combat
 + Level 2.1 Spellcasting
 * Level 2.5 Transmutations
 * Level 0.1 Poison Magic


You had 2 spell levels left.
You knew the following spells:

 Your Spells              Type           Power      Damage    Failure   Level
a - Beastly Appendage     Tmut           14%        N/A       9%          1
b - Spider Form           Tmut/Pois      2%         N/A       41%         3

Your spell library contained the following spells:

 Spells                   Type           Power      Damage    Failure   Level
 Wereblood                Tmut           7%         N/A       14%         2
 Ice Form                 Ice/Tmut       4%         N/A       83%         4
 Blade Hands              Tmut           3%         N/A       94%         5


Dungeon Overview and Level Annotations

Branches:
Dungeon (1/15)

Altars:


Innate Abilities, Weirdness & Mutations

Your serpentine skin is tough. (AC +1)
You have supernaturally acute eyesight. (SInv)
Armour fits poorly on your strangely shaped body.
Your system is resistant to poisons. (rPois)
You cover ground very slowly.
You can spit poison.
You have a snake-like lower body.


Message History

You hit the adder but do no damage.
The adder is severely wounded.
You feel sick. The adder bites you but does no damage.
You can't do that yet.
You can't do that yet.
You miss the adder.
The adder is severely wounded.
You feel sick. The adder misses you.
You can't do that yet.
You can't do that yet.
You miss the adder.
The adder is severely wounded.
You have got your breath back.
You feel sick. The adder bites you.
* * * LOW HITPOINT WARNING * * *
Abil: Spit Poison
Press: ? - help, Q - select action, (/) - cycle Shift-Dir - straight line, f/p - adder
Aim: an adder (severely wounded)
The splash of poison misses the adder.
* * * LOW HITPOINT WARNING * * *
You feel sick. The adder closely misses you. The adder barely misses you.
You hit the adder.
The adder is severely wounded.
The adder bites you but does no damage.
You can't do that yet.
You can't do that yet.
You barely miss the adder.
The adder is severely wounded.
* * * LOW HITPOINT WARNING * * *
You feel sick. The adder bites you but does no damage.
It was a potion of attraction.
You feel attractive to monsters.
* * * LOW HITPOINT WARNING * * *
You feel sick. The adder misses you.
It was a potion of magic.
Magic courses through your body. The adder bites you.
* * * LOW HITPOINT WARNING * * *
The adder barely misses you.
You barely miss the adder.
The adder is severely wounded.
You die...

#.# #.# #.#
### #.# #..
#.# #.#
##.###S#
###...##@#
#........#
#.#...####
#.##(##
#.##.########
#...........#
#####........
##.....##.
#.......# #


You could see an adder.

Vanquished Creatures
  A worm (D:2)
  A leopard gecko (D:1)
  A giant cockroach (D:1)
  5 goblins (D:1)
  6 hobgoblins (D:1)
  3 bats
  2 frilled lizards (D:1)
  3 kobolds
  4 rats (D:1)
26 creatures vanquished.

Notes
Turn   | Place    | Note
-------+----------+-------------------------------------------
     0 | D:1      | kae the Naga Transmuter began the quest for the Orb.
     0 | D:1      | Reached XP level 1. HP: 18/18 MP: 3/3
   196 | D:1      | Reached XP level 2. HP: 16/25 MP: 5/5
   799 | D:1      | Reached XP level 3. HP: 31/31 MP: 6/6
   806 | D:1      | Learned a level 3 spell: Spider Form
   877 | D:1      | You fall into a shaft and drop 1 floor!
  1105 | D:2      | HP: 1/31 [adder (3)]
  1106 | D:2      | Succumbed to an adder's poison

Illustrated notes

Levels and vault maps discovered:
D:1:      minmay_arrival_four_loops, layout_basic, minivault_25
D:2:      layout_loops_ring, st_stairs_13, fedhas_ov_isle_minmay, uniq_sigmund

Action                   || total
-------------------------++-------
Melee: Unarmed           ||    60
       Headbutt          ||     5
 Cast: Beastly Appendage ||    11
       Spider Form       ||     2
 Abil: Spit Poison       ||    22
  Use: Potion            ||     2
       Scroll            ||     1
Armor: Robe              ||     8
Dodge: Dodged            ||    41

Table legend: (Time is in decaauts)
 A = Elapsed time spent in this place.
 B = Non-inter-level travel time spent in this place.
 C = Inter-level travel time spent in this place.
 D = Time resting spent in this place.
 E = Time spent auto-exploring this place.
 F = Levels seen in this place.
 G = Mean time per level.
                   A        B        C        D        E       F      G
               +--------+--------+--------+--------+--------+-----+--------+
         Total |   1242 |   1242 |      0 |    134 |    920 |   2 |  621.0 |
       Dungeon |   1242 |   1242 |      0 |    134 |    920 |   2 |  621.0 |
               +--------+--------+--------+--------+--------+-----+--------+

Top non-repeatable levels by time:
     D:1: 1003 daAuts
     D:2: 239 daAuts
